 Dungeon Crawl Stone Soup version 0.26.0-7-g794d0892b4 (webtiles) character file.

Game seed: 18221111104440937180

786 Gauvater the Shield-Bearer (level 8, -1/62 HPs)
             Began as a Formicid Fighter on Jan 12, 2021.
             Was a Follower of Zin.
             Killed from afar by Dowan (19 damage)
             ... with a shard of ice
             ... on level 4 of the Dungeon.
             The game lasted 00:12:39 (4691 turns).

Gauvater the Shield-Bearer (Formicid Fighter)       Turns: 4691, Time: 00:12:42

Health: -1/62      AC:  7    Str: 23    XL:     8   Next: 11%
Magic:  8/8        EV:  9    Int:  8    God:    Zin [*.....]
Gold:   209        SH: 10    Dex: 10    Spells: 7/7 levels left

rFire    . . .     SeeInvis +   a - +0 war axe
rCold    . . .     Faith    .   c - +0 kite shield
rNeg     . . .     Spirit   .   b - +0 scale mail
rPois    +         Reflect  .   (helmet unavailable)
rElec    .         Harm     .   (no cloak)
rCorr    .         Rampage  .   (no gloves)
Will     .....                  (no boots)
Stlth    ..........             e - amulet of regeneration
HPRegen  0.60/turn              (no ring)
MPRegen  0.11/turn              (no ring)

@: no status effects
A: permanent stasis, dig shafts and tunnels, four strong arms, antennae 3,
hooves 1, poison resistance, screaming 1
a: Dig, Shaft Self, Renounce Religion, Recite, Donate Gold


You were on level 4 of the Dungeon.
You worshipped Zin.
Zin was aware of your devotion.
You visited 2 branches of the dungeon, and saw 5 of its levels.

You collected 232 gold pieces.
You donated 23 gold pieces to Zin.

Inventory:

Hand Weapons
 a - a +0 war axe (weapon)
 f - a +0 short sword of venom
 r - a +0 dagger of electrocution
Missiles
 g - 105 stones (quivered)
 i - 6 javelins
 k - 41 bolts
 u - 48 arrows
 y - 7 poisoned darts
Armour
 b - a +0 scale mail (worn)
 c - a +0 kite shield (worn)
 v - a +2 leather armour of fire resistance
Jewellery
 e - an amulet of regeneration (around neck)
Scrolls
 d - a scroll of blinking {unknown}
 h - a scroll of teleportation {unknown}
 o - 3 scrolls of amnesia {unknown}
 t - 2 scrolls of fog {unknown}
 x - a scroll of remove curse {unknown}
Potions
 j - 2 potions of curing
 l - 3 potions of brilliance
 m - a potion of lignification
 p - a potion of magic
 w - a potion of haste {unknown}


   Skills:
 + Level 5.0 Fighting
 + Level 5.2 Axes
 + Level 0.8 Throwing
 + Level 4.6 Armour
 + Level 2.3 Dodging
 + Level 0.1 Stealth
 + Level 5.9 Shields
 * Level 1.0 Invocations


You had 7 spell levels left.
You didn't know any spells.
Your spell library was empty.

Dungeon Overview and Level Annotations

Branches:
Dungeon (4/15)             Temple (1/1) D:4

Altars:
Ashenzari
Dithmenos
Elyvilon
Fedhas
Gozag
Hepliaklqana
Kikubaaqudgha
Makhleb
Nemelex Xobeh
Okawaru
Qazlal
Ru
Sif Muna
Trog
Uskayaw
Vehumet
Yredelemnul
Zin
The Shining One

Annotations:
D:4 Dowan


Innate Abilities, Weirdness & Mutations

You cannot be hasted, slowed, berserked, paralysed or teleported.
You can dig through walls and to a lower floor.
Your four strong arms can wield two-handed weapons with a shield.
You have a pair of large antennae on your head. (SInv)
You have large cloven feet.
Your system is resistant to poisons. (rPois)
You occasionally shout uncontrollably at your foes.


Message History

Dowan points at you and mumbles some strange words.
The stone arrow misses you.
Dowan zaps a wand.
The puff of flame hits you.
You hit Dowan but do no damage.
Dowan is moderately wounded.
Dowan casts a spell.
Dowan blinks!
Dowan zaps a wand.
The puff of flame hits you!
Dowan points at you and mumbles some strange words.
The stone arrow hits you!
* * * LOW HITPOINT WARNING * * *
Things that are here:
a +0 short sword; a +0 leather armour Dowan barely misses you.
Okay, then.
You hit Dowan.
Dowan is heavily wounded.
You are ready to recite again.
Dowan barely misses you.
Dowan points at you and mumbles some strange words.
The shard of ice hits you!!
You die...

........# ........#...... ###
...##...#.....####.# ...#
...#.....#....#
...##...#.....#....#
....#...#.....#....#
....#...#.....#....#
....#...#.....#....#
...[#<..#.....†)@..#
...##...#.....#..e.########
...##...#.....#....'......#
.....†..#.....#######.....#
........#.....# #.....#
........#.....#..e.......##
^.......'.....#....e.....#
........#.....#............
...####+#.....#.............?


You could see Dowan (fast).

Vanquished Creatures
  Menkaure (D:4)
  Duvessa (D:4)
  A phantom (D:4)
  An orc priest (D:3)
  6 orc wizards
  Natasha (thrice) (D:3)
  3 worker ants
  5 adders
  3 oozes
  An adder skeleton (D:4)
  A worm (D:4)
  2 dart slugs (D:1)
  3 leopard geckos
  12 orcs
  3 giant cockroaches
  2 goblins
  9 hobgoblins
  4 jackals (D:3)
  8 bats
  3 frilled lizards
  8 kobolds
  7 rats
87 creatures vanquished.

Notes
Turn   | Place    | Note
-------+----------+-------------------------------------------
     0 | D:1      | Gauvater the Formicid Fighter began the quest for the Orb.
     0 | D:1      | Reached XP level 1. HP: 18/18 MP: 1/1
   437 | D:1      | Reached XP level 2. HP: 24/24 MP: 2/2
  1229 | D:2      | Reached skill level 1 in Dodging
  1229 | D:2      | Reached XP level 3. HP: 23/30 MP: 3/3
  1336 | D:2      | Reached XP level 4. HP: 37/37 MP: 4/4
  1977 | D:3      | Noticed Natasha
  1984 | D:3      | Killed Natasha
  1985 | D:3      | Reached XP level 5. HP: 7/42 MP: 5/5
  2522 | D:3      | Noticed Natasha
  2532 | D:3      | Killed Natasha
  2533 | D:3      | Reached XP level 6. HP: 14/49 MP: 6/6
  2951 | D:3      | Found an iron altar of Okawaru.
  2952 | D:3      | Noticed Natasha
  2973 | D:3      | Killed Natasha
  3431 | D:3      | Reached skill level 5 in Shields
  4120 | D:4      | Found a staircase to the Ecumenical Temple.
  4139 | D:4      | Reached XP level 7. HP: 55/55 MP: 7/7
  4234 | D:4      | Noticed Menkaure
  4243 | D:4      | Killed Menkaure
  4245 | D:4      | Gained mutation: Your system is resistant to poisons.
                  | (rPois) [potion of mutation]
  4245 | D:4      | Gained mutation: You occasionally shout uncontrollably at
                  | your foes. [potion of mutation]
  4245 | D:4      | Gained mutation: You have large cloven feet. [potion of
                  | mutation]
  4432 | D:4      | Reached skill level 5 in Axes
  4533 | Temple   | Entered the Ecumenical Temple
  4588 | Temple   | Became a worshipper of Zin the Law-Giver
  4588 | Temple   | Reached * piety under Zin
  4665 | D:4      | Noticed Dowan
  4665 | D:4      | Noticed Duvessa
  4686 | D:4      | Killed Duvessa
  4687 | D:4      | Reached skill level 5 in Fighting
  4687 | D:4      | Reached skill level 1 in Invocations
  4687 | D:4      | Reached XP level 8. HP: 38/62 MP: 8/8
  4691 | D:4      | Killed from afar by Dowan

Illustrated notes

Levels and vault maps discovered:
D:1:      giann_wishing_wells, layout_rooms, kennysheep_minor_cross
D:2:      layout_rooms, chequers_serial_rivers_micro_b
D:3:      layout_basic, amcnicky_altar_gilded, uniq_natasha
D:4:      layout_gridville, minmay_temple_entry_tees, uniq_menkaure,
          uniq_sigmund, uniq_duvessa
Temple:   compressed_dpeg_triangle_lava_temple

Skill      XL: |  1  2  3  4  5  6  7 |
---------------+----------------------+-----
Shields        | 4 5 |  5.9
Dodging        | 1 2 |  2.3
Armour         | 4 |  4.6
Axes           | 3 4 5 |  5.2
Fighting       | 4 5 |  5.0
Invocations    | 1 |  1.0
Throwing       | |  0.8
Stealth        | |  0.1

Action                   |  1- 3 |  4- 6 |  7- 9 || total
-------------------------+-------+-------+-------++-------
Melee: War axe           |    65 |   232 |    65 ||   362
       Kick              |       |       |     4 ||     4
Throw: Stone             |       |       |    19 ||    19
Invok: Recite            |       |       |     1 ||     1
 Abil: Dig               |     1 |     1 |     2 ||     4
  Use: Scroll            |       |     5 |       ||     5
       Potion            |       |       |     4 ||     4
Armor: Scale mail        |    55 |    91 |    28 ||   174
       Skin              |       |       |     8 ||     8
Dodge: Dodged            |    21 |    77 |    14 ||   112
Block: Kite shield       |    45 |   129 |    47 ||   221
